PCL
SAN JOSE MISSIONS @ SANTA MONICA BRUINS
08/14/2028
 
TOP OF THE 1ST
San Jose Missions batting - Pitching for Santa Monica Bruins : RHP Derek Simpson
Pitching: RHP Derek Simpson
Batting: RHB Chang-geun Kim 0-0: Ball
1-0: Ball
2-0: Foul Ball, location: 2F
2-1: Ground out 1-3 (Groundball, 13)
Batting: RHB Jorge Díaz 0-0: Ball
1-0: Ball
2-0: Called Strike
2-1: Ball
3-1: Foul Ball, location: 2F
3-2: Strikes out looking
Batting: LHB Chris Austin 0-0: Foul Ball, location: 2F
0-1: Foul Ball, location: 2F
0-2: Strikes out looking
Top of the 1st over - 0 run(s), 0 hit(s), 0 error(s), 0 left on base; San Jose 0 - Santa Monica 0
BOTTOM OF THE 1ST
Santa Monica Bruins batting - Pitching for San Jose Missions : RHP Mike Clay
Pitching: RHP Mike Clay
Batting: LHB Francisco Medina 0-0: Fly out, F2 (Popup, 4MS)
Batting: RHB Alfredo López 0-0: Ball
1-0: Called Strike
1-1: Ball
2-1: Foul Ball, location: 2F
2-2: Foul Ball, location: 2F
2-2: Ground out U3 (Groundball, 3S)
Batting: RHB Roberto Cruz 0-0: Called Strike
0-1: Called Strike
0-2: Foul Ball, location: 2F
0-2: Ball
1-2: Ball
2-2: Ball
3-2: Foul Ball, location: 2F
3-2: SINGLE (Groundball, 6MD)
Batting: LHB Ethan Shaw 0-0: Ball
1-0: Fly out, F8 (Flyball, 78S)
Bottom of the 1st over - 0 run(s), 1 hit(s), 0 error(s), 1 left on base; San Jose 0 - Santa Monica 0
TOP OF THE 2ND
San Jose Missions batting - Pitching for Santa Monica Bruins : RHP Derek Simpson
Batting: RHB Dale Taylor 0-0: Foul Ball, location: 2F
0-1: Ball
1-1: Swinging Strike
1-2: Strikes out looking
Batting: LHB Alan McGilroy 0-0: Called Strike
0-1: Foul Ball, location: 2F
0-2: Fly out, F8 (Flyball, 8LD)
Batting: RHB Naomichi Aoki 0-0: Ball
1-0: Swinging Strike
1-1: Ball
2-1: Foul Ball, location: 2F
2-2: Ground out 6-3 (Groundball, 6)
Top of the 2nd over - 0 run(s), 0 hit(s), 0 error(s), 0 left on base; San Jose 0 - Santa Monica 0
BOTTOM OF THE 2ND
Santa Monica Bruins batting - Pitching for San Jose Missions : RHP Mike Clay
Batting: RHB Salvador Salas 0-0: Called Strike
0-1: SINGLE (Groundball, 34D)
Batting: RHB Luis Martínez 0-0: Ball
1-0: Foul Ball, location: 2F
1-1: Ball
2-1: Foul Ball, location: 2F
2-2: Ball
3-2: SINGLE (Line Drive, 8LS)
Salvador Salas to second
Batting: RHB Armando Colón 0-0: Ball
1-0: Ball
2-0: Foul Ball, location: 2F
2-1: Ball
3-1: Base on Balls
Salvador Salas to third
Luis Martínez to second
Batting: RHB Griswold Coleman 0-0: Ball
1-0: Grounds into fielders choice 1-2 (Groundball, P)
Luis Martínez to third
Armando Colón to second
Batting: RHB Bonifacio Torres 0-0: Ball
1-0: Foul Ball, location: 2F
1-1: SINGLE (Groundball, 4MS) (infield hit)
Luis Martínez scores
Armando Colón to third
Griswold Coleman to second
Batting: LHB Francisco Medina 0-0: Called Strike
0-1: Ball
1-1: Fly out, F2 (Popup, 23)
Batting: RHB Alfredo López 0-0: Called Strike
0-1: Ball
1-1: Foul Ball, location: 2F
1-2: Ground out 1-3 (Groundball, 15S)
Bottom of the 2nd over - 1 run(s), 3 hit(s), 0 error(s), 3 left on base; San Jose 0 - Santa Monica 1
TOP OF THE 3RD
San Jose Missions batting - Pitching for Santa Monica Bruins : RHP Derek Simpson
Batting: RHB Ed Starr 0-0: Ball
1-0: Ball
2-0: Ball
3-0: Base on Balls
Batting: RHB Bobby Brewster 0-0: Called Strike
0-1: Swinging Strike
0-2: Foul Ball, location: 2F
0-2: Ball
1-2: Ball
2-2: Foul Ball, location: 2F
Pickoff Throw to First - Out!
2-2: Foul Ball, location: 2F
2-2: Ground out 2-3 (Groundball, 15S)
Batting: RHB Miguel Mendoza 0-0: Called Strike
0-1: Foul Ball, location: 2F
0-2: Ball
1-2: Foul Ball, location: 2F
1-2: Foul Ball, location: 2F
1-2: TRIPLE (Flyball, 8LD)
Batting: RHB Chang-geun Kim 0-0: Ball
1-0: Reached on error, E2 (Groundball, 2L)
Miguel Mendoza scores
Batting: RHB Jorge Díaz 0-0: Called Strike
0-1: Ball
1-1: Swinging Strike
1-2: Strikes out swinging
Top of the 3rd over - 1 run(s), 1 hit(s), 1 error(s), 1 left on base; San Jose 1 - Santa Monica 1
BOTTOM OF THE 3RD
Santa Monica Bruins batting - Pitching for San Jose Missions : RHP Mike Clay
Batting: RHB Roberto Cruz 0-0: Ball
1-0: Swinging Strike
1-1: Ball
2-1: Ball
3-1: Called Strike
3-2: Fly out, F9 (Line Drive, 89M)
Batting: LHB Ethan Shaw 0-0: Fly out, F7 (Flyball, 78M)
Batting: RHB Salvador Salas 0-0: Called Strike
0-1: Foul Ball, location: 2F
0-2: Ball
1-2: Foul Ball, location: 2F
1-2: Foul Ball, location: 2F
1-2: SINGLE (Groundball, 56D)
Batting: RHB Luis Martínez 0-0: Fly out, F8 (Flyball, 8RD)
Bottom of the 3rd over - 0 run(s), 1 hit(s), 0 error(s), 1 left on base; San Jose 1 - Santa Monica 1
TOP OF THE 4TH
San Jose Missions batting - Pitching for Santa Monica Bruins : RHP Derek Simpson
Batting: LHB Chris Austin 0-0: Called Strike
0-1: Called Strike
0-2: Ball
1-2: Strikes out swinging
Batting: RHB Dale Taylor 0-0: Ball
1-0: Ball
2-0: Foul Ball, location: 2F
2-1: SOLO HOME RUN (Flyball, 7D), Distance : 352 ft
Batting: LHB Alan McGilroy 0-0: Swinging Strike
0-1: Swinging Strike
0-2: Ball
1-2: Foul Ball, location: 2F
1-2: Fly out, F7 (Flyball, 78D)
Batting: RHB Naomichi Aoki 0-0: Ball
1-0: Called Strike
1-1: Foul Ball, location: 2F
1-2: Foul Ball, location: 2F
1-2: Foul Ball, location: 2F
1-2: Fly out, F9 (Flyball, 9D)
Top of the 4th over - 1 run(s), 1 hit(s), 0 error(s), 0 left on base; San Jose 2 - Santa Monica 1
BOTTOM OF THE 4TH
Santa Monica Bruins batting - Pitching for San Jose Missions : RHP Mike Clay
Batting: RHB Armando Colón 0-0: Called Strike
0-1: Ball
1-1: Swinging Strike
1-2: SINGLE (Groundball, 4MD)
Batting: RHB Griswold Coleman 0-0: Called Strike
0-1: Ball
1-1: Foul Ball, location: 2F
1-2: Foul Ball, location: 2F
1-2: Foul Ball, location: 2F
1-2: Ball
2-2: Ball
3-2: Base on Balls
Armando Colón to second
Batting: RHB Bonifacio Torres 0-0: Ball
1-0: Called Strike
1-1: Swinging Strike
1-2: Ball
2-2: Ball
3-2: Base on Balls
Armando Colón to third
Griswold Coleman to second
Batting: LHB Francisco Medina 0-0: Fielders Choice at 2nd, 3-6 (Groundball, 3)
Armando Colón scores
Griswold Coleman to third
Batting: RHB Alfredo López 0-0: Ball
Francisco Medina steals 2nd base
1-0: Foul Ball, location: 2F
1-1: Called Strike
1-2: Fly out, F7 (Flyball, 7LM)
Runner from 3rd tags up, SCORES, throw made
Batting: RHB Roberto Cruz 0-0: Foul Ball, location: 2F
0-1: Called Strike
0-2: Fly out, F9 (Flyball, 9LS)
Bottom of the 4th over - 2 run(s), 1 hit(s), 0 error(s), 1 left on base; San Jose 2 - Santa Monica 3
TOP OF THE 5TH
San Jose Missions batting - Pitching for Santa Monica Bruins : RHP Derek Simpson
Batting: RHB Ed Starr 0-0: Foul Ball, location: 2F
0-1: Called Strike
0-2: Ball
1-2: Foul Ball, location: 2F
1-2: Strikes out looking
Batting: RHB Bobby Brewster 0-0: Ball
1-0: Called Strike
1-1: Called Strike
1-2: Strikes out swinging
Batting: RHB Miguel Mendoza 0-0: Foul Ball, location: 2F
0-1: Ball
1-1: Foul Ball, location: 2F
1-2: Ball
2-2: SOLO HOME RUN (Flyball, 7D), Distance : 361 ft
Batting: RHB Chang-geun Kim 0-0: Foul Ball, location: 2F
0-1: Foul Ball, location: 2F
0-2: Ball
1-2: SINGLE (Popup, 6D)
Batting: RHB Jorge Díaz 0-0: Swinging Strike
Chang-geun Kim steals 2nd base
0-1: Ball
1-1: Ball
2-1: Called Strike
2-2: Strikes out swinging
Top of the 5th over - 1 run(s), 2 hit(s), 0 error(s), 1 left on base; San Jose 3 - Santa Monica 3
BOTTOM OF THE 5TH
Santa Monica Bruins batting - Pitching for San Jose Missions : RHP Mike Clay
Batting: LHB Ethan Shaw 0-0: DOUBLE (Line Drive, 78XD)
Batting: RHB Salvador Salas 0-0: Called Strike
0-1: Called Strike
0-2: Strikes out looking
Batting: RHB Luis Martínez 0-0: Ball
1-0: Ball
2-0: Ball
3-0: Base on Balls
Batting: RHB Armando Colón 0-0: Ball
Ethan Shaw is caught stealing 3rd base
Luis Martínez to second
1-0: Fly out, F4 (Popup, 4D)
Bottom of the 5th over - 0 run(s), 1 hit(s), 0 error(s), 1 left on base; San Jose 3 - Santa Monica 3
TOP OF THE 6TH
San Jose Missions batting - Pitching for Santa Monica Bruins : RHP Derek Simpson
Batting: LHB Chris Austin 0-0: Called Strike
0-1: Called Strike
0-2: Foul Ball, location: 2F
0-2: Ball
1-2: Strikes out swinging
Batting: RHB Dale Taylor 0-0: Fly out, F7 (Flyball, 78S)
Batting: LHB Alan McGilroy 0-0: SINGLE (Flyball, 9S)
Batting: RHB Naomichi Aoki 0-0: Called Strike
0-1: Foul Ball, location: 2F
0-2: Ball
1-2: Foul Ball, location: 2F
Balk!
Alan McGilroy to second
1-2: Ground out 5-3 (Groundball, 56S)
Top of the 6th over - 0 run(s), 1 hit(s), 0 error(s), 1 left on base; San Jose 3 - Santa Monica 3
BOTTOM OF THE 6TH
Santa Monica Bruins batting - Pitching for San Jose Missions : RHP Mike Clay
Batting: RHB Griswold Coleman 0-0: Ball
1-0: Ball
2-0: Fly out, F3 (Line Drive, 3)
Batting: RHB Bonifacio Torres 0-0: Foul Ball, location: 2F
0-1: Ball
1-1: Ball
2-1: DOUBLE (Line Drive, 9LS)
Pitching: LHP Morgan O'Day
Batting: LHB Francisco Medina 0-0: Called Strike
0-1: Ball
1-1: Ball
2-1: Called Strike
2-2: Ground out 3-1 (Groundball, 34S)
Bonifacio Torres to third
Batting: RHB Alfredo López 0-0: Called Strike
0-1: Foul Ball, location: 2F
0-2: Ball
1-2: Fly out, F1 (Line Drive, 13)
Bottom of the 6th over - 0 run(s), 1 hit(s), 0 error(s), 1 left on base; San Jose 3 - Santa Monica 3
TOP OF THE 7TH
San Jose Missions batting - Pitching for Santa Monica Bruins : RHP Derek Simpson
Pitching: LHP Don Sutherland
Batting: RHB Ed Starr 0-0: Called Strike
0-1: Ball
1-1: Foul Ball, location: 2F
1-2: Ball
2-2: Ball
3-2: Base on Balls
Batting: RHB Bobby Brewster 0-0: Sac Bunt - play at first, batter OUT! 1-4
Ed Starr to second
Batting: RHB Miguel Mendoza 0-0: Ball
1-0: Ball
2-0: Called Strike
2-1: Swinging Strike
2-2: Foul Ball, location: 2F
2-2: Strikes out swinging
Batting: RHB Chang-geun Kim 0-0: Called Strike
0-1: Foul Ball, location: 2F
0-2: Ball
1-2: Ball
2-2: Fly out, F5 (Line Drive, 5)
Top of the 7th over - 0 run(s), 0 hit(s), 0 error(s), 1 left on base; San Jose 3 - Santa Monica 3
BOTTOM OF THE 7TH
Santa Monica Bruins batting - Pitching for San Jose Missions : LHP Morgan O'Day
Batting: RHB Roberto Cruz 0-0: Ball
1-0: Ground out 5-3 (Groundball, 56)
Pinch Hitting: RHB John Nelson 0-0: Ball
1-0: Ball
2-0: Foul Ball, location: 2F
2-1: Foul Ball, location: 2F
2-2: Fly out, F9 (Flyball, 9)
Batting: RHB Salvador Salas 0-0: Ball
1-0: Swinging Strike
1-1: Ball
2-1: Ball
3-1: Foul Ball, location: 2F
3-2: SINGLE (Groundball, 6MD)
Batting: RHB Luis Martínez 0-0: Called Strike
0-1: Ball
Passed Ball!
Salvador Salas to second
1-1: Ball
2-1: Ball
3-1: Called Strike
3-2: Fly out, F7 (Line Drive, 7)
Bottom of the 7th over - 0 run(s), 1 hit(s), 0 error(s), 1 left on base; San Jose 3 - Santa Monica 3
TOP OF THE 8TH
San Jose Missions batting - Pitching for Santa Monica Bruins : LHP Don Sutherland
Now in RF: Marty Hendrickson
Batting: RHB Jorge Díaz 0-0: Ground out 5-3 (Groundball, 5)
Pinch Hitting: RHB Irwin Duncan 0-0: Ball
1-0: Foul Ball, location: 2F
1-1: Ball
2-1: Swinging Strike
2-2: Foul Ball, location: 2F
2-2: Foul Ball, location: 2F
2-2: Fly out, F4 (Line Drive, 4)
Batting: RHB Dale Taylor 0-0: Ball
1-0: Foul Ball, location: 2F
1-1: Swinging Strike
1-2: Strikes out swinging
Top of the 8th over - 0 run(s), 0 hit(s), 0 error(s), 0 left on base; San Jose 3 - Santa Monica 3
BOTTOM OF THE 8TH
Santa Monica Bruins batting - Pitching for San Jose Missions : LHP Morgan O'Day
Pitching: RHP David Bates
Now in CF: Irwin Duncan
Pinch Hitting: RHB Pablo Peña 0-0: Foul Ball, location: 2F
0-1: Ball
1-1: SINGLE (Flyball, 8LS)
Pinch Hitting: LHB Noriaki Sangi 0-0: Ball
1-0: Called Strike
1-1: Ball
2-1: Called Strike
2-2: Ball
3-2: Base on Balls
Pablo Peña to second
Batting: RHB Bonifacio Torres 0-0: Ball
1-0: Ground out 4-3 (Groundball, 4MS)
Pablo Peña to third
Noriaki Sangi to second
Batting: LHB Francisco Medina 0-0: Ball
1-0: Ball
2-0: Ball
3-0: Base on Balls
Batting: RHB Alfredo López 0-0: Ball
1-0: Fly out, F7 (Flyball, 7)
Runner from 3rd tags up, SCORES, throw made
Batting: RHB Roberto Cruz 0-0: Foul Ball, location: 2F
0-1: Swinging Strike
0-2: Foul Ball, location: 2F
0-2: Ball
1-2: SINGLE (Groundball, 56D)
Noriaki Sangi to third
Francisco Medina to second
Runner from 3rd tries for Home, SAFE, throw made home
Francisco Medina to third
Roberto Cruz to second
Pinch Hitting: LHB Ken Phillips 0-0: Called Strike
0-1: Ball
1-1: Ball
2-1: Ball
3-1: Ground out 3-1 (Groundball, 34S)
Bottom of the 8th over - 2 run(s), 2 hit(s), 0 error(s), 2 left on base; San Jose 3 - Santa Monica 5
TOP OF THE 9TH
San Jose Missions batting - Pitching for Santa Monica Bruins : LHP Don Sutherland
Pitching: RHP Dave Riley
Now at 2B: Ernest Russell
Now in CF: Ramiro Martínez
Now in RF: Ken Phillips
Batting: LHB Alan McGilroy 0-0: Swinging Strike
0-1: Swinging Strike
0-2: Ball
1-2: Ball
2-2: Strikes out swinging
Batting: RHB Naomichi Aoki 0-0: Ball
1-0: Ball
2-0: Ball
3-0: Called Strike
3-1: Base on Balls
Pinch Runner at 1st Peyton Pennington:
Batting: RHB Ed Starr 0-0: Ball
1-0: Ball
2-0: SINGLE (Groundball, 34D)
Peyton Pennington to second
Runner from 2nd tries for 3rd, SAFE, throw made to third
Pinch Hitting: LHB Miguel Montés 0-0: Ball
Wild Pitch!
Peyton Pennington scores
Ed Starr to second
1-0: Ball
2-0: Ball
3-0: Base on Balls
Pinch Hitting: RHB Jorge Fuentes 0-0: Called Strike
0-1: Foul Ball, location: 2F
0-2: Strikes out swinging
Batting: RHB Chang-geun Kim 0-0: Called Strike
0-1: Foul Ball, location: 2F
0-2: Strikes out swinging
Top of the 9th over - 1 run(s), 1 hit(s), 0 error(s), 2 left on base; San Jose 4 - Santa Monica 5
Tuesday, August 8th, 2017 - OOTP Baseball 17.12 Build 75